[Event "Tata Steel Chess Masters 2023"]
[Site "Chess.com"]
[Date "2023.01.21"]
[Round "7"]
[White "Erigaisi, Arjun"]
[Black "Abdusattorov, Nodirbek"]
[Result "0-1"]
[WhiteElo "2722"]
[BlackElo "2713"]
[ECO "C43"]
[EventDate "2023.??.??"]
[Annotator "rafael"]
[PlyCount "86"]
[Beauty "7424140404818"]
[EventType "schev"]
[EventRounds "4"]
[TimeControl "6000+30"]

1.e4 e5 2.Nf3 Nf6 3.d4 Nxe4 4.dxe5 d5 ( 4...Bc5 {This aggressive move is also possible and leads to very confusing positions in which White's advantage has yet to be proven.} 5.Bc4 Nxf2 6.Bxf7+ Kxf7 7.Qd5+ Kg6 8.Qxc5 Nxh1 9.Nc3 h6 {A recent game ended in perpetual check after} 10.Qc4 Nc6 11.Nd5 d6 12.Nf4+ Kh7 13.Qe4+ Kg8 14.Qd5+ Kh7 15.Qe4+ Kg8 16.Qd5+ Kh7 17.Qe4+ {Anton Guijarro-Vidit, Prague 2022.} ) 5.Nbd2 Nxd2 ( 5...Qd7 {This move is much less common but was played by Nepomniachtchi against Duda in the Candidates Tournament.} ) 6.Bxd2 Be7 7.Bd3 c5 8.c3 Nc6 9.O-O {The position is still known by theory. Black has good central control and free piece development, but the advanced pawn on e5 gives White some chances on the kingside.} 9...Bg4 {Usually Black plays 9...0-0 or 9...Bg4. This will be the first time a combination of these two moves is played.} ( 9...O-O 10.Re1 Be6 11.Qc2 h6 12.Rad1 Qd7 {With rough equality in Guseinov-Markus, Olympiad 2022.} ) 10.Re1 O-O {This is probably inaccurate due to Erigaisi's following play.} ( 10...Qd7 11.h3 Bh5 12.Bf4 {was tried in Firouzja-Najer, Riga 2021.} ) 11.h3 Bh5 12.Bf5 $1 {[%c_effect f5;square;f5;type;GreatFind;persistent;true] A very unpleasant move to face. The bishop on f5 prevents the normal development of the queen on d7 and supports an e5-e6 advance. If Black plays with Bg6, then it's possible to capture the bishop, with two possible consequences: 1- Black captures with the f-pawn, leaving White with a superior pawn structure; 2- Black captures with the h-pawn, after which White advances e5-e6 and tries to exploit Black's kingside weaknesses.} 12...Kh8 {A difficult prophylactic move. The idea is probably to anticipate a possible e5-e6 advance.} ( 12...Bg6 13.Bxg6 fxg6 {It's clear that White is better with a superior pawn structure.} ( 13...hxg6 14.e6 $1 ) ) 13.Qe2 Qb6 14.Bf4 Rae8 15.Rad1 d4 {Play by both sides is quite logical and the tension grows.} 16.g4 $1 Bg6 17.Qc2 $6 {[%c_effect c2;square;c2;type;Inaccuracy;persistent;true] This move doesn't seem to flow naturally with what's expected from White's position and it's the beginning of Erigaisi's problems.} ( 17.h4 {is logical, but a bit rushed. Black manages to equalize after} 17...h5 $1 18.Ng5 Bxg5 19.hxg5 Ne7 ) ( 17.Bg3 $5 {[%c_effect g3;square;g3;type;Interesting;persistent;true] is a good prophylactic move, taking the bishop off the f-file, which makes the Bxg6 move stronger.} ) 17...Rd8 18.h4 Qa6 $1 {[%c_effect a6;square;a6;type;GreatFind;persistent;true] With his last two moves Abdusattorov sets up the …d4-d3 advance.} 19.cxd4 cxd4 20.Qb3 $6 ( 20.Qe4 {is better and White manages to keep the game balanced, for example:} 20...Qxa2 21.Nxd4 Nxd4 22.Rxd4 Qxb2 23.Rxd8 Rxd8 24.Rb1 ) 20...d3 {Passed pawns must be pushed $1 But if chess were that simple, it probably wouldn't have so many fans.} 21.h5 $6 ( 21.Re4 $1 {[%c_effect e4;square;e4;type;GreatFind;persistent;true] is a better try, avoiding Black's following knight move.} ) 21...Bxf5 22.gxf5 Nd4 $1 23.Nxd4 Rxd4 24.Bg3 d2 {With this monstrous pawn on d2 and White's weaknesses on the kingside, Black is already firmly in control of the game.} 25.Re3 Qh6 $1 {[%c_effect h6;square;h6;type;GreatFind;persistent;true] Attacking the h5-pawn. Abdusattorov plays the rest of the game with great precision.} 26.Qxb7 $2 {[%c_effect b7;square;b7;type;Mistake;persistent;true] White is much worse after this move.} ( 26.Rd3 $1 {[%c_effect d3;square;d3;type;GreatFind;persistent;true] is necessary, as eliminating the d2-pawn is a priority.} 26...Rxd3 27.Qxd3 Rd8 28.Qe3 Qxh5 ( 28...Bg5 29.f4 ) 29.Rxd2 Rxd2 30.Qxd2 Qxf5 31.Qd5 $1 {[%c_effect d5;square;d5;type;GreatFind;persistent;true] with excellent drawing chances for White.} ) 26...Bg5 $1 {[%c_effect g5;square;g5;type;GreatFind;persistent;true] The bishop now gives extra support to the passed pawn.} 27.Rc3 Qxh5 28.Qf3 Qh3 {Continuing the attack is a human and natural reaction, but the computer indicates a decisive advantage for Black in the endgame after} ( 28...Qxf3 29.Rxf3 Re4 30.Kf1 Rc8 31.Rc3 Rxc3 32.bxc3 h5 {The white rook is paralyzed and the bishop isn't much help either.} ) 29.Bh2 Rg4+ 30.Bg3 ( 30.Kh1 Qxf3+ 31.Rxf3 Re4 $1 {[%c_effect e4;square;e4;type;GreatFind;persistent;true] and there is no defense against rook invasion on e1.} 32.Rg3 Re1+ 33.Rg1 Rxd1 34.Rxd1 Rc8 {followed by 35...Rc1.} ) 30...h6 {The computer suggests other moves, but I like this one. It's useful to give the king some air.} 31.Qg2 $2 {[%c_effect g2;square;g2;type;Mistake;persistent;true] Now it's over.} ( 31.Qh1 $1 {[%c_effect h1;square;h1;type;GreatFind;persistent;true] is the only chance, although it's very hard to defend after} 31...Rxg3+ $5 ( 31...Qxh1+ 32.Kxh1 {is also much better for Black.} ) 32.fxg3 Qxf5 33.Qd5 Re8 34.Rf3 Qh3 {The d2-pawn is well defended and the white king is very exposed. The compensation for the exchange should be enough for victory.} ) 31...Qh5 $1 32.f3 ( 32.Qf3 Re8 33.Kf1 Qh3+ 34.Ke2 Rd4 {White's position is close to collapsing.} ) 32...Rd4 33.Qh2 Bh4 $1 34.Kf1 Rfd8 35.Bf2 Re4 $1 {[%c_effect e4;square;e4;type;GreatFind;persistent;true] A beautiful move. Abdusattorov is implacable in conducting the initiative.} 36.f6 ( 36.Qh3 Rd5 {The e5-pawn falls.} ) 36...gxf6 37.Qh3 Rf4 38.Bxa7 Qxe5 39.Be3 Qb5+ 40.Kg1 Qe2 41.Qf1 Rg8+ 42.Kh1 Qxf1+ 43.Rxf1 Rxf3 {Another masterpiece by Abdusattorov.} ( 43...Be1 {is also a nice way to win:} 44.Bxf4 d1=Q ) 0-1

[Event "Tata Steel Chess Masters 2023"]
[Site "Chess.com"]
[Date "2023.01.22"]
[Round "8"]
[White "Caruana, Fabiano"]
[Black "Carlsen, Magnus"]
[Result "0-1"]
[WhiteElo "2766"]
[BlackElo "2859"]
[ECO "C88"]
[EventDate "2023.??.??"]
[Annotator "rafael"]
[PlyCount "66"]
[Beauty "8182986453004"]
[EventType "schev"]
[EventRounds "4"]
[TimeControl "6000+30"]

1.e4 e5 2.Nf3 Nc6 3.Bb5 a6 4.Ba4 Nf6 5.O-O Be7 6.Re1 b5 7.Bb3 O-O {This variation is Carlsen's main weapon as Black and the one he used in his last world championship match against Nepomniachtchi. Interestingly, in the match he played against Caruana in 2018, Carlsen chose the Sicilian Sveshnikov as his main weapon.} 8.a4 b4 9.a5 d6 10.c3 ( 10.d3 {is also a popular move.} ) 10...Rb8 11.h3 {A rare move. 11.Bc4 is the most played.} ( 11.Bc4 Bg4 ( 11...bxc3 12.dxc3 {and White can fight for a small advantage. Caruana-Niemann, Chess.com (rapid) 2022.} ) 12.h3 Bh5 13.Bxa6 d5 $1 {[%c_effect d5;square;d5;type;GreatFind;persistent;true] Black has enough counterplay. A recent game continued:} 14.exd5 Qxd5 15.d3 Bxf3 16.Qxf3 Qxf3 17.gxf3 bxc3 18.bxc3 Ra8 19.Bb7 Rxa5 20.Rxa5 Nxa5 21.Rxe5 Nxb7 22.Rxe7 Nc5 23.Rxc7 Nxd3 {and the game later ended in a draw. Moussard-Harikrishna, Chennai (Ol) 2022.} ) 11...h6 {A solid, typical move, which is hardly a bad one in the Ruy Lopez. It's useful to prevent White from playing the annoying Ng5, attacking the f7-pawn in some lines.} ( 11...Rb5 {attacks the a5-pawn and is a critical move. A few correspondence games were played here, and White was unable to demonstrate any advantage. Certainly Caruana has some new idea to show.} 12.d4 Rxa5 13.Rxa5 Nxa5 14.dxe5 dxe5 15.Nxe5 Qxd1 ( 15...Nxb3 16.Nc6 $1 Qe8 17.Nxe7+ Qxe7 18.Qxb3 {This also leads to equality.} ) 16.Bxd1 Rd8 {Black has nothing to fear.} ) 12.d4 bxc3 13.bxc3 exd4 14.Nxd4 $1 {[%c_effect d4;square;d4;type;GreatFind;persistent;true] This move is stronger than the pawn capture.} ( 14.cxd4 d5 $1 15.e5 Ne4 {And Black has no worries.} ) 14...Bd7 ( 14...Nxd4 15.cxd4 d5 {Now there is a difference, as White can capture on d5, and Black cannot recapture. This gives more chances for an advantage.} 16.exd5 $1 ) 15.Bf4 {Only now a new move is played. This is a very natural try, developing the bishop on a good square.} ( 15.Nd2 Re8 16.Bc2 Bf8 {With chances for both sides. Nguyen-Wojtaszek, POL-chT 2022.} ) 15...Ne5 $1 {[%c_effect e5;square;e5;type;GreatFind;persistent;true] A very accurate move, preventing the natural development of the knight on d2.} ( 15...Re8 16.Nd2 Bf8 17.Bc4 Qc8 18.Qc2 {White finishes development and has the pieces well placed, being able to fight for the advantage.} ) 16.Na3 $6 {[%c_effect a3;square;a3;type;Inaccuracy;persistent;true] I don't like this move. My coach told me so many times, \"A knight on the rim is dim\" that it caused a certain trauma in my childhood. Now, as an adult, I try to blame a knight in the corner for the defeat in every game I analyze.} ( 16.Nd2 $2 Nd3 $1 {[%c_effect d3;square;d3;type;GreatFind;persistent;true] This is the point of Carlsen's previous move. Black wins material.} ) ( 16.Bg3 $1 {[%c_effect g3;square;g3;type;GreatFind;persistent;true] is my favorite move. It avoids the double attack of the black knight on d3 and prepares the pawn advance to f4. Moves with more than one objective are usually the best.} 16...c5 ( 16...Re8 17.f4 $1 ) 17.Bxe5 ( 17.Nf5 Bxf5 18.exf5 c4 19.Bc2 Qc7 {Black is ok.} ) 17...dxe5 18.Nf3 Qc7 19.Bc4 Bb5 20.Na3 {With a tiny advantage for White.} ) 16...Re8 17.Bg3 {Caruana decides to advance the kingside pawns, but Carlsen will show a flaw in this plan.} ( 17.Nc4 {is very natural, but Black has two good options.} 17...Bf8 ( 17...Rxb3 $5 18.Qxb3 Nd3 19.Bg3 Nxe1 20.Rxe1 Bf8 {with a balanced game.} ) ) 17...Bf8 18.f4 ( 18.Bc2 {it is safer and better.} 18...c5 19.Nf3 Qxa5 20.Nc4 Qc7 21.Ncxe5 dxe5 22.Rxa6 {with equality.} ) 18...Nc6 19.e5 dxe5 20.fxe5 {Truth be told, White's plan looks very promising. The knight is attacked, and the bishop has an eye on the f7-pawn. But Carlsen finds a tactical way to solve all of his problems.} 20...Nxd4 21.cxd4 Bc6 $1 {[%c_effect c6;square;c6;type;GreatFind;persistent;true] This is the idea. Caruana probably didn't see this move in his analysis. Now he plays a losing move.} 22.Bc2 $2 ( 22.exf6 $2 Rxe1+ 23.Bxe1 ( 23.Qxe1 Rxb3 $19 ) 23...Rxb3 $1 24.Qxb3 Qxd4+ {The a1-rook falls, and White's position collapses.} ) ( 22.Bh4 g5 23.Bf2 Nd5 {with some advantage for Black.} ) ( 22.Rc1 Bd5 23.Bxd5 Nxd5 {Black manages to establish a good blockade and has a more comfortable position.} ) ( 22.Qd3 $5 {[%c_effect d3;square;d3;type;Interesting;persistent;true] It's an interesting move that leads to a chaotic position, with chances for both sides, after:} 22...Be4 23.Bxf7+ $1 Kxf7 24.Rxe4 Nxe4 25.Qxe4 {White has good compensation for the exchange.} ) 22...Qd5 $1 23.Re2 Rb4 $1 {[%c_effect b4;square;b4;type;GreatFind;persistent;true] This move is devastating. White still cannot capture on f6, and there is no defense for the d4-pawn. The rest is easy for Carlsen.} 24.Kh2 ( 24.exf6 Rxe2 25.Qxe2 Qxd4+ {The a1-rook falls again.} ) 24...Rxd4 25.Qb1 Ne4 {True to his style, Carlsen takes the game to a technical endgame where the conversion is simple.} ( 25...Rd2 $1 {[%c_effect d2;square;d2;type;GreatFind;persistent;true] is more brutal:} 26.Qf1 ( 26.Qe1 Qxg2+ $1 27.Rxg2 Rxg2+ {With a delightful version of the windmill tactic.} ) 26...Rxe2 27.Qxe2 Nh5 {and White can resign.} ) 26.Bxe4 Rxe4 27.Rxe4 Qxe4 28.Qxe4 Bxe4 29.Nc4 Rb8 30.Rc1 ( 30.e6 {is a bit more stubborn, but the endgame is easily winning after} 30...fxe6 31.Bxc7 Rc8 32.Nd6 Rxc7 33.Nxe4 Rc4 34.Nd2 Rd4 35.Nf3 Rd5 ) 30...Rb5 31.e6 fxe6 32.Bxc7 Rc5 33.Bf4 Bd5 {A surprisingly easy victory for Carlsen.} 0-1

[Event "Tata Steel Chess Masters 2023"]
[Site "Chess.com"]
[Date "2023.01.25"]
[Round "10"]
[White "Gukesh, D."]
[Black "Praggnanandhaa, R."]
[Result "1-0"]
[WhiteElo "2725"]
[BlackElo "2684"]
[ECO "A33"]
[EventDate "2023.??.??"]
[Annotator "rafael"]
[PlyCount "79"]
[Beauty "7697810331167"]
[EventType "schev"]
[EventRounds "4"]
[TimeControl "6000+30"]

1.c4 c5 2.Nf3 Nf6 3.Nc3 Nc6 4.d4 cxd4 5.Nxd4 e6 6.a3 {This is the second most popular move in this well-known variant of the English Opening. 6.g3 is the most played, but White has several other tries.} 6...Be7 7.e4 O-O 8.Nf3 Qa5 $5 {A modern move, played several times by elite players. The idea is quite concrete: Black's queen heads to an exotic location on h5, from where it will support the d7-d5 advance.} 9.Bd2 Qh5 10.Rg1 $5 {An interesting idea that was created in the laboratory of GM Giri, a player with phenomenal opening preparation. It has been played only once before, but both players were clearly well prepared.} ( 10.Be2 d5 $1 {And Black achieves equality, as has been proven in several games.} ) 10...d5 $1 {The critical test.} ( 10...a6 11.h3 Ne5 $6 12.g4 Nxf3+ 13.Qxf3 Qc5 14.g5 {White is clearly better: Giri-Nepomniachtchi, Legends of Chess 2020.} ) 11.g4 $1 Nxg4 12.cxd5 exd5 13.Nxd5 {Both players got into this position quickly, evidently relying on their respective computer's analysis.} 13...Bc5 14.Qe2 $1 {An important move, defending the f2-pawn by tactical means, as well as setting up long castling.} 14...f5 $1 {The best move, opening the game and securing a square for the queen on f7.} ( 14...Bxf2+ $2 {loses material after} 15.Qxf2 Nxf2 16.Nf6+ ) 15.Nf4 {Gukesh thought for a long time before playing this move. His preparation was either over or forgotten.} 15...Qf7 16.Rg2 $2 {After this move it was Praggnanandhaa's time to think for a long time. He clearly didn't expect this move and there is a reason for this, as the computer shows decisive advantage for Black. Both 16.Ng5 and 16.0-0-0 are better moves and leads to very complex positions that will certainly be deeply analyzed by opening experts.} ( 16.Ng5 Qb3 ( 16...Qe7 17.O-O-O $1 {with chances for both sides.} ) 17.Qc4+ Qxc4 18.Bxc4+ Kh8 {with a chaotic position, despite the exchange of queens.} ) ( 16.O-O-O Nd4 17.Nxd4 Bxd4 18.Qc4 Bxf2 19.Qc3 $1 {Threatening 20.Bc4, with complicated play. The position should be equal with good play by both sides.} ) 16...Qe7 $2 {Black misses the winning continuation.} ( 16...fxe4 $1 17.Ng5 Qf5 $1 {with a decisive advantage in all the lines, for instance:} 18.Rxg4 ( 18.Nxe4 Nd4 19.Qc4+ Kh8 20.Nxc5 Qe5+ 21.Kd1 Rxf4 $1 22.Nd3 ( 22.Bxf4 Qxf4 {with a deadly attack.} ) 22...Qh5 $1 {and Black wins.} ) 18...Qxg4 19.Qc4+ Kh8 20.Qxc5 Rf5 $1 21.Nd5 Bd7 $1 {White's pieces are misplaced and his king is insecure.} ) 17.e5 $1 {A deep move, sacrificing a pawn and not allowing black's pieces to activate. Furthermore, White will attack with the bishops on the a2-g8 and a1-h8 diagonal, with the support of the rook on the g-file.} ( 17.exf5 Bxf5 {leads only to equality.} ) 17...Ncxe5 ( 17...Ngxe5 18.O-O-O $1 Nxf3 19.Qxf3 {White is ready to start the winning attack with Bc4 and Bc3.} ) 18.O-O-O $1 Bd6 ( 18...Nxf3 19.Qxf3 {is also hopeless. The bishops will come into play and the development advantage will make the difference.} ) 19.Bc3 Nxf3 20.Qxf3 Be6 21.h3 $2 {That move almost throws away a sure win.} ( 21.Nxe6 $1 Qxe6 22.h3 Nf6 23.Qxb7 Bf4+ 24.Kc2 Qe4+ 25.Qxe4 fxe4 26.Bc4+ Kh8 27.Rd7 $1 Nxd7 28.Bxg7# ) 21...Be5 $2 {He probably thought the position was just losing, but there is a miracle escape.} ( 21...Bxf4+ $1 22.Qxf4 Nf6 23.Re1 {This looks pretty ugly to Black, but amazingly it's still possible to fight if you find all the forced moves.} 23...Rf7 $1 24.Bc4 Ne4 $1 25.Bxg7 $1 {The best chance to fight for an advantage.} ( 25.Bxe6 Qxe6 26.f3 Nc5 $1 {This is the point of black's defense. There is a double on d3.} ) 25...Rxg7 26.Rxg7+ Kxg7 27.Rg1+ Kh8 28.Qe5+ Qf6 29.Qxf6+ Nxf6 30.Bxe6 f4 {After all this confusion we arrive at an endgame with advantage for White thanks to the bishop against knight and the king closer to the center, but there are drawing chances.} ) 22.Nxe6 Qxe6 23.hxg4 {White wins a piece, but the game still has some adventures.} 23...Bxc3 24.bxc3 Rad8 ( 24...Qb3 25.Qd5+ {Exchanging queens and forcing resignation.} ) 25.gxf5 {A brave move, which shows how Gukesh confidence in his analysis. There is a much safer way to win.} ( 25.Rxd8 Rxd8 26.Qe2 {This leads to a simple win.} ) 25...Rxd1+ {Now White wins easily. The critical moves are 25...Qb3 or 25...Qa2. In both cases only one move win. Gukesh, evidently, had seen it.} ( 25...Qb3 26.Rxg7+ $1 {A nice idea that wins by force.} 26...Kxg7 ( 26...Kh8 27.Rxh7+ Kxh7 28.Qh5+ Kg7 29.Qg6+ Kh8 30.Qh6+ Kg8 31.Bc4+ Qxc4 32.Qg6+ Kh8 33.Rh1+ {and mate.} ) 27.Qg3+ Kf6 ( 27...Kf7 28.Qc7+ Kf6 29.Rxd8 Qxa3+ 30.Kd2 {The checks will soon be over.} ) ( 27...Kh8 28.Qe5+ Kg8 29.Bc4+ $1 Qxc4 30.Rg1+ Kf7 31.Rg7# ) 28.Qh4+ Kg7 ( 28...Kf7 29.Bc4+ ) ( 28...Kxf5 29.Bh3+ {with a mating attack.} ) 29.Qe7+ Kh6 30.Rd3 $1 Rxd3 31.Qxf8+ {With an easy win.} ) ( 25...Qa2 26.Rxg7+ $1 {The same idea.} 26...Kxg7 ( 26...Kh8 27.Rxh7+ ) 27.Qg3+ Kh6 28.Qh4+ Kg7 29.Qe7+ ( 29.Qg5+ {is also winning.} 29...Kf7 30.Rxd8 Rxd8 31.Qxd8 Qa1+ 32.Kd2 Qxf1 33.Qd5+ {with a winning queen endgame.} ) 29...Kh6 30.Rxd8 Rxd8 31.Qxd8 Qa1+ 32.Kd2 Qxf1 33.Qh4+ Kg7 34.f6+ Kg6 35.f7 Kxf7 36.Qxh7+ {And White wins because he will be able to pick another pawn, for example:} 36...Kf6 37.Qh4+ Kf7 38.Qf4+ Kg6 39.Qe4+ Kf6 40.Qd4+ {and the a7-pawn falls.} ) 26.Qxd1 Qa2 {Now White is just a piece up and there are several winning methods. Gukesh has no problem converting the advantage.} 27.Bd3 Re8 28.Rg4 $1 Qxa3+ 29.Kd2 Qb2+ 30.Qc2 Qb6 31.Qa2+ Kh8 32.Rd4 {Nice centralization!} 32...Qh6+ 33.Kc2 Qh2 34.Qf7 {The winning attack begins.} 34...Qxf2+ 35.Kb3 Rg8 36.Bc4 Rb8 37.Qe7 h5 38.Qg5 Qf3 39.Rh4 Qd1+ 40.Kb2 1-0